 Dungeon Crawl Stone Soup version 0.31-a0-214-gb37851dbb3 (webtiles) character file.

Game seed: 14132198939784935768

1329 qw the Chopper (level 8, 0/49 HPs)
             Began as a Gargoyle Fighter on June 30, 2023.
             Slain by a gnoll sergeant
             ... wielding a +2 trident of venom
              (6 damage)
             ... on level 6 of the Dungeon.
             The game lasted 00:02:37 (4670 turns).

qw the Chopper (Gargoyle Fighter)                   Turns: 4670, Time: 00:02:37

Health: 0/49       AC: 21    Str: 24    XL:     8   Next: 60%
Magic:  8/8        EV:  7    Int: 16    God:
Gold:   224        SH: 10    Dex: 13    Spells: 7/7 levels left

rFire   x . .        q - +3 hand axe of Himoq {vamp, rElec Str+2 Dex+4}
rCold   . . .        s - +0 kite shield
rNeg    + . .        k - +0 chain mail
rPois   inf          (no helmet)
rElec   +            (no cloak)
rCorr   .            (no gloves)
SInv    .            r - +2 pair of boots
Will    +++..        t - amulet of the acrobat Stlth
                     o - ring of Tuavib {*Slow rF- Will+++ AC+4 Int+7}
HPRegen 0.28/turn    (no ring)
MPRegen 0.11/turn

%: slow self (1%), acrobat
@: about to teleport
A: sickness immunity, AC +5, negative energy resistance 1, electricity
resistance, torment resistance 1, petrification resistance
a: no special abilities


You were on level 6 of the Dungeon.
You visited 2 branches of the dungeon, and saw 7 of its levels.

You collected 323 gold pieces.
You spent 99 gold pieces at shops.


Innate Abilities, Weirdness & Mutations

You are immune to sickness and miasma.
Your stone body is resilient. (AC +5)
You are immune to poison.
You resist negative energy. (rN+)
You are resistant to electric shocks. (rElec)
You are resistant to unholy torment.
You are immune to petrification.


   Skills:
 - Level 5.1 Fighting
 - Level 7.3 Axes
 - Level 3.2 Armour
 - Level 1.0 Dodging
 + Level 6.6 Shields


You had 7 spell levels left.
You didn't know any spells.
Your spell library was empty.

Inventory:

Hand Weapons
 g - a +0 flail
 l - a +0 war axe
 q - the +3 hand axe of Himoq (weapon) {vamp, rElec Str+2 Dex+4}
   (You found it on level 3 of the Dungeon)

   Str:       It affects your strength (+2).
   Dex:       It affects your dexterity (+4).
   rElec:     It insulates you from electricity.
Missiles
 j - 2 boomerangs (quivered)
Armour
 k - a +0 chain mail (worn)
 r - a +2 pair of boots (worn)
 s - a +0 kite shield (worn)
Jewellery
 o - the ring of Tuavib (left hand) {*Slow rF- Will+++ AC+4 Int+7}
   (You acquired it on level 3 of the Dungeon)

   [ring of protection]

   AC:        It affects your AC (+4).
   Int:       It affects your intelligence (+7).
   rF:        It makes you vulnerable to fire.
   *Slow:     It may slow you when you take damage.
   Will:      It greatly increases your willpower.
 t - an amulet of the acrobat (around neck)
Wands
 m - a wand of digging (12)
Scrolls
 a - a scroll of identify
 b - a scroll of teleportation
Potions
 d - 2 potions of might
 f - a potion of cancellation
 i - 2 potions of curing
 n - a potion of haste
 p - a potion of lignification

Dungeon Overview and Level Annotations

Branches:
Dungeon (6/15)             Temple (1/1) D:4

Altars:
Ashenzari
Dithmenos
Hepliaklqana
Kikubaaqudgha
Qazlal
Ru
Sif Muna
Trog
Vehumet

Shops:
D:5 *


Message History

The gnoll hits you from afar with a +0 spear.
You block the gnoll sergeant's attack. The ogre closely misses you.
You barely miss the orc warrior.
The orc warrior is moderately wounded.
You closely miss the scorpion. You hit the ogre but do no damage.
The scorpion stings you but does no damage.
The gnoll hits you from afar with a +0 spear.
You block the gnoll sergeant's attack.
The orc warrior hits you with a +0 short sword.
You hit the orc warrior.
You feel better.
The orc warrior is heavily wounded.
You hit the ogre.
You feel better.
You slash the scorpion!
The scorpion stings you but does no damage.
The ogre hits you with a +0 giant club.
The gnoll hits you from afar with a +0 spear.
The gnoll sergeant hits you but does no damage.
The orc warrior hits you but does no damage.
The scorpion stings you but does no damage.
You slash the scorpion!
You kill the scorpion!
You slash the ogre!
You feel better.
You hit the orc warrior but do no damage.
You block the orc warrior's attack. The gnoll hits you but does no damage.
The gnoll sergeant hits you from afar with a +2 trident of venom!
The ogre closely misses you.
You hit the ogre.
You feel better.
The ogre is almost dead.
You hit the orc warrior but do no damage.
You block the orc warrior's attack.
The gnoll sergeant hits you but does no damage.
You block the gnoll's attack. The orc warrior barely misses you.
You block the phantom's attack. The gnoll closely misses you.
The gnoll sergeant hits you but does no damage.
The ogre hits you with a +0 giant club!
4670 ||| READING 2 scrolls of teleportation.
As you read the scroll of teleportation, it crumbles to dust.
You feel strangely unstable. You block the gnoll's attack.
The phantom barely misses you.
The gnoll sergeant hits you from afar with a +2 trident of venom.
You die...

## ..
###########.
.....#.....##
............##
...>.........#
....$........#
.......O.....##
......)@)......
.......oW......
......gg..#.#..
.../.....#...#.
.....#..#.....#
#######...._...
..#.....#
...#...#.


You could see an orc warrior, an ogre, a phantom, a gnoll sergeant and a gnoll.

Vanquished Creatures
  Grinder (D:5)
  Eustachio (D:5)
  A water moccasin (D:6)
  A sky beast (D:6)
  2 scorpions
  A howler monkey (D:6)
  4 hounds
  A gnoll bouda (D:5)
  2 jellies
  3 iguanas (D:5)
  2 orc wizards
  13 adders
  7 gnolls
  2 worms
  4 dart slugs
  13 orcs
  6 ball pythons
  9 endoplasms
  2 giant cockroaches (D:1)
  6 goblins
  7 hobgoblins
  9 kobolds
  3 quokkas
  5 bats
  4 frilled lizards
  8 rats
117 creatures vanquished.

Vanquished Creatures (others)
  A wizard (D:5)
1 creature vanquished.

Grand Total: 118 creatures vanquished

Notes
Turn   | Place    | Note
-------+----------+-------------------------------------------
     0 | D:1      | qw the Gargoyle Fighter began the quest for the Orb.
     0 | D:1      | Reached XP level 1. HP: 14/14 MP: 1/1
     0 | D:1      | 0 ||| qw: Version: 0.3-a-32-g5962c71
     0 | D:1      | 0 ||| qw: Game counter: 7327
     0 | D:1      | 0 ||| qw: Melee chars always use a shield: true
     0 | D:1      | 0 ||| qw: God list: Okawaru
     0 | D:1      | 0 ||| qw: Allow faded altars: false
     0 | D:1      | 0 ||| qw: Do Orc after clearing Dungeon:15 true
     0 | D:1      | 0 ||| qw: Do second Lair branch before Depths: true
     0 | D:1      | 0 ||| qw: Lair rune preference: random
     0 | D:1      | 0 ||| qw: Goals: Normal, Zot:1-4, Slime:5, God:TSO, Crypt,
                  | Tomb, Abyss, Pan, Hells, Win
     0 | D:1      | 0 ||| PLANNING D:1-11
     3 | D:1      | Noticed an electric eel
     4 | D:1      | Noticed an electric eel
    41 | D:1      | Reached skill level 2 in Axes
   135 | D:1      | Reached XP level 2. HP: 19/19 MP: 2/2
   476 | D:1      | 476 ||| DROPPING +0 whip.
   570 | D:1      | Reached skill level 3 in Axes
   622 | D:1      | 622 ||| READING scroll labelled IMEUVO OMU.
   623 | D:1      | 623 ||| READING scroll labelled REHYJU ZAMAXZOADE.
   691 | D:2      | Reached XP level 3. HP: 22/23 MP: 3/3
   870 | D:2      | 870 ||| Stepping ~*~*~tactically~*~*~ (hiding).
   871 | D:2      | 871 ||| Stepping ~*~*~tactically~*~*~ (hiding).
   874 | D:2      | 874 ||| Stepping ~*~*~tactically~*~*~ (hiding).
   875 | D:2      | 875 ||| Stepping ~*~*~tactically~*~*~ (hiding).
   983 | D:2      | 983 ||| Stepping ~*~*~tactically~*~*~ (stealth).
   984 | D:2      | 984 ||| Stepping ~*~*~tactically~*~*~ (stealth).
  1022 | D:2      | Found a faded altar of an unknown god.
  1123 | D:2      | Reached XP level 4. HP: 28/28 MP: 4/4
  1282 | D:2      | 1282 ||| READING scroll labelled EVVAACKAELU.
  1417 | D:2      | Reached skill level 4 in Axes
  1638 | D:2      | 1638 ||| DRINKING 2 fizzy ruby potions.
  1817 | D:3      | 1817 ||| DROPPING +0 mace.
  1845 | D:3      | Found an ancient bone altar of Kikubaaqudgha.
  1945 | D:3      | Reached XP level 5. HP: 22/32 MP: 5/5
  2023 | D:3      | 2023 ||| Stepping ~*~*~tactically~*~*~ (stealth).
  2024 | D:3      | 2024 ||| Stepping ~*~*~tactically~*~*~ (stealth).
  2059 | D:3      | Found a broken altar of Ashenzari.
  2190 | D:3      | Identified the +3 hand axe of Himoq {vamp, rElec Str+2
                  | Dex+4}
  2192 | D:3      | 2192 ||| SWAPPING to +3 hand axe of Himoq {vamp, rElec
                  | Str+2 Dex+4}.
  2296 | D:3      | 2296 ||| UPGRADING to +0 chain mail.
  2305 | D:3      | 2305 ||| UPGRADING to +0 scale mail.
  2310 | D:3      | 2310 ||| UPGRADING to +0 chain mail.
  2320 | D:3      | 2320 ||| DROPPING +0 scale mail.
  2525 | D:3      | 2525 ||| READING 2 scrolls labelled QEESIU JAPIE.
  2526 | D:3      | 2526 ||| READING scroll labelled TUJIBBU BEELI.
  2527 | D:3      | 2527 ||| READING scroll labelled COELUZ LOAFFOU.
  2527 | D:3      | Identified a scroll of acquirement
  2527 | D:3      | 2527 ||| ACQUIRING ring of Tuavib {*Slow rF- Will+++ AC+4
                  | Int+7}
  2527 | D:3      | Acquired the ring of Tuavib {*Slow rF- Will+++ AC+4 Int+7}
  2529 | D:3      | 2529 ||| UPGRADING to ring of Tuavib {*Slow rF- Will+++
                  | AC+4 Int+7}.
  2530 | D:3      | 2530 ||| DRINKING 2 metallic golden potions.
  2531 | D:3      | 2531 ||| READING 2 scrolls of identify.
  2531 | D:3      | 2531 ||| IDENTIFYING fuming inky potion
  2532 | D:3      | 2532 ||| DROPPING scroll of revelation.
  2592 | D:4      | Reached skill level 1 in Dodging
  2612 | D:4      | Reached skill level 5 in Axes
  2635 | D:4      | 2635 ||| Stepping ~*~*~tactically~*~*~ (stealth).
  2636 | D:4      | 2636 ||| Stepping ~*~*~tactically~*~*~ (stealth).
  2659 | D:4      | 2659 ||| Stepping ~*~*~tactically~*~*~ (hiding).
  2776 | D:4      | 2776 ||| Stepping ~*~*~tactically~*~*~ (stealth).
  2856 | D:4      | Reached XP level 6. HP: 13/38 MP: 6/6
  3024 | D:4      | Found a staircase to the Ecumenical Temple.
  3025 | D:4      | 3025 ||| PLANNING TEMPLE
  3025 | D:4      | 3025 ||| UPGRADING to +2 pair of boots.
  3030 | D:4      | 3030 ||| UPGRADING to +0 kite shield.
  3040 | D:4      | 3040 ||| DROPPING +0 buckler.
  3041 | D:4      | 3041 ||| UPGRADING to amulet of the acrobat.
  3046 | D:4      | 3046 ||| READING 2 scrolls of identify.
  3046 | D:4      | 3046 ||| IDENTIFYING black potion
  3047 | D:4      | 3047 ||| DROPPING potion of degeneration.
  3053 | Temple   | Entered the Ecumenical Temple
  3054 | Temple   | 3054 ||| PLANNING D:1-11
  3196 | D:4      | Found a shadowy altar of Dithmenos.
  3426 | D:4      | Found a shimmering blue altar of Sif Muna.
  3452 | D:5      | Entered Level 5 of the Dungeon
  3472 | D:5      | 3472 ||| Stepping ~*~*~tactically~*~*~ (stealth).
  3489 | D:5      | 3489 ||| Stepping ~*~*~tactically~*~*~ (stealth).
  3510 | D:5      | 3510 ||| Stepping ~*~*~tactically~*~*~ (stealth).
  3512 | D:5      | 3512 ||| Stepping ~*~*~tactically~*~*~ (hiding).
  3554 | D:5      | Found a hazy altar of Hepliaklqana.
  3602 | D:5      | 3602 ||| Stepping ~*~*~tactically~*~*~ (stealth).
  3617 | D:5      | HP: 9/38 [gnoll/+0 halberd[a gnoll bouda] (8)]
  3618 | D:5      | 3618 ||| READING 2 scrolls of teleportation.
  3619 | D:5      | 3619 ||| DRINKING potion of heal wounds.
  3723 | D:5      | Noticed Eustachio
  3724 | D:5      | 3724 ||| Stepping ~*~*~tactically~*~*~ (stealth).
  3742 | D:5      | Reached XP level 7. HP: 26/43 MP: 7/7
  3766 | D:5      | 3766 ||| STAIRDANCE
  3854 | D:4      | 3854 ||| READING scroll labelled AHYUTUMMEEZ.
  3855 | D:4      | 3855 ||| READING 2 scrolls of identify.
  3855 | D:4      | 3855 ||| IDENTIFYING fizzy puce potion
  3856 | D:4      | 3856 ||| DROPPING potion of berserk rage.
  3885 | D:5      | 3885 ||| STAIRDANCE
  3908 | D:5      | Killed Eustachio
  3909 | D:5      | Reached skill level 6 in Shields
  3967 | D:5      | 3967 ||| Stepping ~*~*~tactically~*~*~ (hiding).
  3980 | D:5      | 3980 ||| Stepping ~*~*~tactically~*~*~ (hiding).
  4291 | D:5      | Reached skill level 6 in Axes
  4371 | D:5      | Found Icij's General Store.
  4376 | D:5      | 4376 ||| SHOPLISTING +2 plate armour of fire resistance
                  | (440 gold, have 311).
  4376 | D:5      | 4376 ||| BUYING 3 scrolls of identify (66 gold).
  4376 | D:5      | Bought 3 scrolls of identify for 66 gold pieces
  4376 | D:5      | 4376 ||| BUYING scroll of teleportation (33 gold).
  4376 | D:5      | Bought a scroll of teleportation for 33 gold pieces
  4458 | D:5      | Noticed Grinder
  4464 | D:5      | Found a sacrificial altar of Ru.
  4466 | D:5      | Killed Grinder
  4467 | D:5      | Reached XP level 8. HP: 37/48 MP: 8/8
  4515 | D:5      | Found a bloodstained altar of Trog.
  4558 | D:5      | Noticed a wizard
  4563 | D:5      | Killed a wizard
  4614 | D:5      | 4614 ||| READING 4 scrolls of identify.
  4614 | D:5      | 4614 ||| IDENTIFYING murky green potion
  4615 | D:5      | 4615 ||| READING 3 scrolls of identify.
  4615 | D:5      | 4615 ||| IDENTIFYING coppery potion
  4616 | D:5      | 4616 ||| READING 2 scrolls of identify.
  4616 | D:5      | 4616 ||| IDENTIFYING murky cyan potion
  4617 | D:5      | 4617 ||| DROPPING potion of brilliance.
  4629 | D:6      | Found a stormy altar of Qazlal.
  4641 | D:6      | Reached skill level 7 in Axes
  4669 | D:6      | HP: 5/49 [ogre/+0 giant club (12)]
  4670 | D:6      | 4670 ||| READING 2 scrolls of teleportation.
  4670 | D:6      | Slain by a gnoll sergeant

Levels and vault maps discovered:
D:1:      arrival_aquarium_b, layout_loops_ring, serial_forest,
          infiniplex_forest_straight_2, infiniplex_forest_clump_long,
          infiniplex_forest_clump_medium, infiniplex_forest_corner_1,
          infiniplex_forest_clump_small, infiniplex_forest_lined_3,
          infiniplex_forest_straight_1, infiniplex_forest_straight_5
D:2:      layout_basic, dreamdust_ecumenical_altar_angels_and_demons,
          hangedman_glass_teeth, minivault_11
D:3:      layout_basic, mainiacjoe_overflow_catwalk,
          ashenzari_conservatory_becter, minmay_misc_feat_diagonals,
          dreamdust_princess_bridge, minmay_tree_intersection
D:4:      layout_basic, mainiacjoe_overflow_brackets, lemuel_blue_sif_altar,
          minmay_temple_entry_gardened_gates, serial_bayou_pond_a,
          hangedman_decor_lopped, grunt_decor_cap, fountainhead,
          kennysheep_decorative_pillar, amcnicky_mini_pool_small,
          minmay_fountain_box
D:5:      layout_basic, trog_wizard, nicolae_hepliaklqana_hazy_memory,
          old_standard_altar, serial_shops, nicolae_shop_rolling_square,
          roderic_roman_lattice, uniq_grinder, uniq_eustachio
D:6:      layout_rooms, mainiacjoe_overflow_paths,
          nicolae_qazlal_beasts_of_the_sky, nicolae_elemental_shop
Temple:   ebering_the_one_and_only

Skill      XL: |  1  2  3  4  5  6  7  8 |
---------------+-------------------------+-----
Axes           | 2 3 4 5 6 7 |  7.3
Dodging        | 1 |  1.0
Fighting       | 4 5 |  5.1
Shields        | 5 6 |  6.6
Armour         | |  3.2

Action                     |  1- 3 |  4- 6 |  7- 9 || total
---------------------------+-------+-------+-------++-------
  Melee: War axe           |    77 |    63 |       ||   140
         Hand axe          |       |   133 |   134 ||   267
  Throw: Boomerang         |       |    73 |    11 ||    84
    Use: Scroll            |     2 |     7 |     6 ||    15
         Potion            |       |     3 |       ||     3
 Armour: Scale mail        |    26 |    35 |       ||    61
         Chain mail        |       |    79 |   173 ||   252
         Skin              |       |     2 |       ||     2
  Dodge: Dodged            |    29 |    70 |    88 ||   187
  Block: Buckler           |    12 |    22 |       ||    34
         Kite shield       |       |    36 |   127 ||   163

Table legend:
 A = Non-vault XP
 B = Vault XP
 C = Vault XP percentage of total XP
 D = Non-vault monster count
 E = Vault monster count
 F = Vault count percentage of total count
                 A         B        C        D         E       F
            +---------+---------+-------+---------+---------+-------
      Total |    1292 |     607 |  32.0 |     114 |       3 |   2.6
            +---------+---------+-------+---------+---------+-------
        D:1 |      31 |       0 |   0.0 |      18 |       0 |   0.0
        D:2 |      71 |       0 |   0.0 |      20 |       0 |   0.0
        D:3 |     132 |       0 |   0.0 |      27 |       0 |   0.0
        D:4 |     142 |       0 |   0.0 |      18 |       0 |   0.0
        D:5 |     528 |     478 |  47.5 |      22 |       2 |   8.3
        D:6 |     388 |     129 |  25.0 |       9 |       1 |  10.0
            +---------+---------+-------+---------+---------+-------
